 Dungeon Crawl Stone Soup version 0.28-a0-1415-g7c84da036a (webtiles) character file.

Game seed: 11748760759492384536

66 zap2161 the Ducker (level 4, 0/33 HPs)
             Began as a Merfolk Transmuter on Jan 7, 2022.
             Succumbed to an adder's poison
             ... on level 2 of the Dungeon.
             The game lasted 00:14:02 (1222 turns).

zap2161 the Ducker (Merfolk Transmuter)             Turns: 1222, Time: 00:14:03

Health: 0/33       AC:  3    Str: 11 (12) XL:     4   Next: 15%
Magic:  7/7        EV: 12    Int:  9 (12) God:
Gold:   102        SH:  0    Dex: 14      Spells: 5/8 levels left

rFire   . . .      SeeInvis .   e - +0 short sword
rCold   . . .      Faith    .   (no shield)
rNeg    . . .      Spirit   .   c - +0 leather armour
rPois   .          Reflect  .   (no helmet)
rElec   .          Harm     .   (no cloak)
rCorr   .          Rampage  .   (no gloves)
Will    .....                   (no boots)
Stlth   +.........              (no amulet)
HPRegen 0.11/turn               (no ring)
MPRegen 0.10/turn               (no ring)

@: lethally poisoned (0 -> -2)
A: (nimble swimmer 2), mertail
a: no special abilities


You were on level 2 of the Dungeon.
You visited 1 branch of the dungeon, and saw 3 of its levels.

You collected 102 gold pieces.

Inventory:

Hand Weapons
 b - a +0 whip
 e - a +0 short sword (weapon)
Missiles
 h - 45 stones
Armour
 a - a +0 robe
 c - a +0 leather armour (worn)
Scrolls
 d - a scroll of blinking {unknown}
 f - a scroll of immolation {unknown}
 i - 2 scrolls of identify {unknown}
 k - a scroll of enchant armour {unknown}
Potions
 g - a potion of mutation {unknown}
 j - 2 potions of ambrosia {unknown}


   Skills:
 * Level 2.0 Fighting
 * Level 2.0 Short Blades
 + Level 3.3 Dodging
 + Level 0.1 Stealth
 - Level 3.2 Unarmed Combat
 + Level 2.5 Spellcasting
 + Level 3.3 Transmutations


You had 5 spell levels left.
You knew the following spells:

 Your Spells              Type           Power      Damage    Failure   Level
a - Beastly Appendage     Tmut           14%        N/A       11%         1
b - Wereblood             Tmut           7%         N/A       16%         2

Your spell library contained the following spells:

 Spells                   Type           Power      Damage    Failure   Level
 Corpse Rot               Necr/Air       2%         N/A       54%         2
 Spider Form              Tmut/Pois      4%         N/A       54%         3
 Ice Form                 Ice/Tmut       4%         N/A       91%         4
 Dispel Undead            Necr           1%         3d6       99%         4
 Death Channel            Necr           0%         N/A       100%        6


Dungeon Overview and Level Annotations

Branches:
Dungeon (3/15)

Altars:


Innate Abilities, Weirdness & Mutations

((You are very nimble when in or above water. (Stealth+, EV+, Speed+++)))
Your lower body shifts to a powerful aquatic tail in water.


Message History

Aim: an adder (almost dead, about 56% to evade your +0 short sword)
You barely miss the adder.
The adder is almost dead.
Your horns disappear.
You feel sick. The adder barely misses you.
Hit: e) +0 short sword
Press: ? - help, Dir - move target, f/p - adder
Aim: an adder (almost dead, about 56% to evade your +0 short sword)
You miss the adder.
The adder is almost dead.
You feel sick.
You are no longer poisoned.
The adder bites you.
* * * LOW HITPOINT WARNING * * *
You are lethally poisoned!
The adder poisons you! The adder bites you but does no damage.
Hit: e) +0 short sword
Press: ? - help, Dir - move target, f/p - adder
Aim: an adder (almost dead, about 56% to evade your +0 short sword)
You barely miss the adder.
The adder is almost dead.
* * * LOW HITPOINT WARNING * * *
You feel sick. The adder misses you.
Hit: e) +0 short sword
Press: ? - help, Dir - move target, f/p - adder
Aim: an adder (almost dead, about 56% to evade your +0 short sword)
You hit the adder.
You kill the adder!
* * * LOW HITPOINT WARNING * * *
You feel sick.
You feel your strength returning.
Your Short Blades skill increases to level 2!
You can't go down here!
* * * LOW HITPOINT WARNING * * *
You feel sick.
You climb upwards.
* * * LOW HITPOINT WARNING * * *
You feel sick.
There is a stone staircase leading down here.
You die...

##...........#
#............##
#.............#
###.............##
#.................
#.....####.#.##.##
#.#.#......#.##...
#.#.....#.........
#@###...##......##
#>..'...'.........
#####...##......##
####...##.[....#
#......##......#
#......##......#
#.....###......#
#.....# #......#
#.....# #......##


There were no monsters in sight!

Vanquished Creatures
  3 adders
  A worm (D:2)
  A dart slug (D:1)
  5 ball pythons
  5 endoplasms
  4 goblins
  2 hobgoblins
  2 quokkas
  3 bats
  3 frilled lizards
  3 kobolds (D:1)
  2 rats (D:1)
34 creatures vanquished.

Notes
Turn   | Place    | Note
-------+----------+-------------------------------------------
     0 | D:1      | zap2161 the Merfolk Transmuter began the quest for the Orb.
     0 | D:1      | Reached XP level 1. HP: 15/15 MP: 3/3
    54 | D:1      | Reached XP level 2. HP: 6/21 MP: 3/5
    57 | D:1      | Learned a level 2 spell: Wereblood
   320 | D:1      | Reached skill level 1 in Short Blades
   344 | D:1      | Reached XP level 3. HP: 9/27 MP: 3/6
   544 | D:1      | You fall into a shaft and drop 1 floor!
  1190 | D:2      | Reached XP level 4. HP: 22/33 MP: 5/7
  1221 | D:2      | HP: 1/33 [poisoned by an adder]
  1222 | D:2      | Succumbed to an adder's poison

Illustrated notes

Levels and vault maps discovered:
D:1:      nzn_arrival_crosshair, layout_loops_ring
D:2:      layout_basic, kennysheep_nondescript, minivault_11
D:3:      layout_loops_cross, makhleb_altar_promises_db,
          nicolae_uskayaw_murder_on_the_dancefloor,
          chequers_ecumenical_altar_simple, uniq_robin

Skill      XL: |  1  2  3  4 |
---------------+-------------+-----
Transmutations | 3 |  3.3
Dodging        | 3 |  3.3
Short Blades   | 1 2 |  2.0
Fighting       | 2 |  2.0
Stealth        | |  0.1
Unarmed Combat | |  3.2
Spellcasting   | |  2.5

Action                   |  1- 3 |  4- 6 || total
-------------------------+-------+-------++-------
Melee: Whip              |    23 |       ||    23
       Headbutt          |    19 |     1 ||    20
       Short sword       |    78 |    13 ||    91
       Punch             |     3 |       ||     3
 Cast: Beastly Appendage |    22 |     1 ||    23
       Wereblood         |     6 |       ||     6
  Use: Potion            |     1 |       ||     1
Armor: Leather armour    |    16 |     3 ||    19
       Robe              |     1 |       ||     1
Dodge: Dodged            |    55 |    11 ||    66

Table legend: (Time is in decaauts)
 A = Elapsed time spent in this place.
 B = Non-inter-level travel time spent in this place.
 C = Inter-level travel time spent in this place.
 D = Time resting spent in this place.
 E = Time spent auto-exploring this place.
 F = Levels seen in this place.
 G = Mean time per level.
                   A        B        C        D        E       F      G
               +--------+--------+--------+--------+--------+-----+--------+
         Total |   1228 |   1228 |      0 |      0 |      0 |   3 |  409.3 |
       Dungeon |   1228 |   1228 |      0 |      0 |      0 |   3 |  409.3 |
               +--------+--------+--------+--------+--------+-----+--------+

Top non-repeatable levels by time:
     D:2: 661 daAuts
     D:1: 548 daAuts
     D:3: 18 daAuts
